 Dungeon Crawl Stone Soup version 0.30.0-18-gc0e69614cb (webtiles) character file.

Game seed: 12765103871666308317

112 Brutalitops the Vexing (level 4, 0/32 HPs)
             Began as a Vampire Hexslinger on May 25, 2023.
             Slain by a gnoll
             ... wielding a +0 spear
              (7 damage)
             ... on level 4 of the Dungeon.
             The game lasted 00:12:07 (2609 turns).

Brutalitops the Vexing (Vampire Hexslinger)         Turns: 2609, Time: 00:12:08

Health: 0/32       AC:  4    Str:  9    XL:     4   Next: 64%
Magic:  0/6        EV: 12    Int: 17    God:
Gold:   179        SH:  0    Dex: 14    Spells: 2/6 levels left

rFire   . . .        a - +0 short sword
rCold   . . .        (no shield)
rNeg    . . .        c - +0 robe
rPois   .            (no helmet)
rElec   .            (no cloak)
rCorr   .            l - +1 pair of gloves
SInv    +            (no boots)
Will    .....        t - amulet of guardian spirit
Stlth   ++           (no ring)
HPRegen 0.45/turn    (no ring)
MPRegen 0.10/turn

%: guardian spirit
@: healing quickly, hasted, very quick
A: alive, fangs 3, see invisible, vampiric 2
a: Exsanguinate


You were on level 4 of the Dungeon.
You visited 1 branch of the dungeon, and saw 4 of its levels.

You collected 179 gold pieces.

Inventory:

Hand Weapons
 a - a +0 short sword (weapon)
 b - a +1 sling
Armour
 c - a +0 robe (worn)
 l - a +1 pair of gloves (worn)
Magical Staves
 i - a staff of conjuration
Jewellery
 t - an amulet of guardian spirit (around neck)
Scrolls
 d - a scroll of blinking
 j - a scroll of amnesia {unknown}
 k - a scroll of vulnerability {unknown}
 o - a scroll of teleportation
 p - a scroll of immolation {unknown}
 q - a scroll of brand weapon {unknown}
 r - 2 scrolls of poison
Potions
 e - a potion of haste
 f - a potion of might
 h - 2 potions of lignification
 m - 2 potions of degeneration {unknown}
 n - a potion of flight {unknown}
 s - a potion of mutation {unknown}


   Skills:
 + Level 1.3 Fighting
 + Level 0.1 Short Blades
 + Level 3.2 Ranged Weapons
 + Level 2.3 Dodging
 + Level 0.9 Stealth
 + Level 1.6 Spellcasting
 + Level 5.0 Hexes


You had 2 spell levels left.
You knew the following spells:

 Your Spells              Type           Power      Damage    Failure   Level
a - Slow                  Hex            72%        N/A       2%          1
b - Portal Projectile     Hex/Tloc       18%        N/A       22%         3

Your spell library contained the following spells:

 Spells                   Type           Power      Damage    Failure   Level
 Summon Small Mammal      Summ           4%         N/A       21%         1
 Lesser Beckoning         Tloc           2%         N/A       30%         2
 Inner Flame              Hex/Fire       9%         N/A       22%         3
 Summon Guardian Golem    Hex/Summ       9%         N/A       22%         3
 Cause Fear               Hex            9%         N/A       26%         4
 Call Canine Familiar     Summ           1%         N/A       52%         3
 Gell's Gravitas          Tloc           1%         N/A       52%         3
 Teleport Other           Tloc           1%         N/A       52%         3


Dungeon Overview and Level Annotations

Branches:
Dungeon (4/15)
 Temple: D:4-7

Altars:
Gozag
Kikubaaqudgha
Ru

Shops:
D:3 [

Annotations:
D:3 3 runed translucent doors, PerfectTommy's ghost, amateur MiFi


Innate Abilities, Weirdness & Mutations

Your natural rate of healing is accelerated.
You have razor-sharp teeth.
You have supernaturally acute eyesight. (SInv)
You are afflicted with vampirism and can become a bat while bloodless.


Message History

You hit the giant cockroach.
The giant cockroach is severely wounded.
The giant cockroach bites you but does no damage.
The gnoll barely misses you.
You hit the giant cockroach.
You kill the giant cockroach!
The gnoll barely misses you. The gnoll completely misses you.
You see here a giant cockroach corpse.
You hit the gnoll.
The gnoll is lightly wounded.
The gnoll hits you with a +0 spear.
You closely miss the gnoll.
The gnoll is lightly wounded.
You completely miss the gnoll.
The gnoll is lightly wounded.
The gnoll hits you with a +0 spear.
The kobold shouts!
You hit the gnoll.
The gnoll is heavily wounded.
The gnoll closely misses you.
You closely miss the gnoll. You bite the gnoll.
The gnoll is heavily wounded.
The gnoll hits you with a +0 spear!
You barely miss the gnoll. You bite the gnoll, but do no damage.
The gnoll is heavily wounded.
The gnoll hits you with a +0 spear.
You feel yourself speed up. The gnoll hits you with a +0 spear!
* * * LOW HITPOINT WARNING * * *
You feel better.
A hound comes into view.
The gnoll hits you with a +0 spear.
You hit the gnoll but do no damage.
The gnoll is heavily wounded.
The gnoll hits you with a +0 spear.
* * * LOW HITPOINT WARNING * * *
You hit the gnoll but do no damage.
The gnoll is heavily wounded.
The gnoll hits you with a +0 spear!
You die...

##....K..##
.....>.....
##.....(.#.#
####..[.......#.
...#.......#.. #
..........#
....######K#.#.#.###.
........@gB..........
####..####h#.<....##
#. #..#......# #
#.##.......# #.
..........
.......######
........# ...$....#
........#


You could see a hound, a gnoll, a giant cockroach and a kobold.

Vanquished Creatures
  A hound (D:4)
  4 adders
  A dart slug (D:3)
  6 ball pythons
  2 bats (D:3)
  4 endoplasms
  A giant cockroach (D:4)
  2 goblins (D:3)
  8 hobgoblins
  2 quokkas (D:2)
  7 frilled lizards
  5 kobolds
  3 rats
46 creatures vanquished.

Notes
Turn   | Place    | Note
-------+----------+-------------------------------------------
     0 | D:1      | Brutalitops the Vampire Hexslinger began the quest for the
                  | Orb.
     0 | D:1      | Reached XP level 1. HP: 14/14 MP: 2/2
   427 | D:1      | Reached XP level 2. HP: 20/20 MP: 0/3
  1205 | D:2      | Reached skill level 1 in Fighting
  1259 | D:2      | Gained mutation: You are afflicted with vampirism and can
                  | become a bat while bloodless. [Vampire growth]
  1259 | D:2      | Reached XP level 3. HP: 19/26 MP: 2/5
  1265 | D:2      | Learned a level 3 spell: Portal Projectile
  1560 | D:2      | Reached skill level 5 in Hexes
  1903 | D:3      | Identified the +2 ring mail of Abstinence {Harm}
  1903 | D:3      | Noticed an animated crystal plate armour
  1905 | D:3      | Found Icherhit's Armour Boutique.
  1907 | D:3      | Noticed an animated shadow dragon scales
  1949 | D:3      | Reached XP level 4. HP: 32/32 MP: 6/6
  1949 | D:3      | Found an ancient bone altar of Kikubaaqudgha.
  2020 | D:3      | Found a sacrificial altar of Ru.
  2157 | D:3      | Found an opulent altar of Gozag.
  2312 | D:3      | Found a runed translucent gate.
  2312 | D:3      | Found a runed translucent gate.
  2312 | D:3      | Found a runed translucent gate.
  2330 | D:3      | Found an opulent altar of Gozag.
  2332 | D:3      | Noticed a scorpion
  2334 | D:3      | Noticed PerfectTommy's ghost (amateur MiFi)
  2609 | D:4      | Slain by a gnoll

Illustrated notes

Levels and vault maps discovered:
D:1:      sevenhm_arrival_forest_fort_large_4, layout_basic,
          roderic_serpentine_path
D:2:      layout_loops_ring, minivault_4
D:3:      layout_basic, nicolae_ru_sacrificial_ziggurat,
          nicolae_gozag_seed_capital, kiku_gazebo_pond_becter, serial_shops,
          nicolae_shop_mannequins, ebering_ghost_gozag, minmay_crystal_water,
          kennysheep_pointless_box
D:4:      layout_rooms, chei_slow_surprise, gup_sewer_entry_spiral, st_stairs_4,
          kennysheep_small_square

Skill      XL: |  1  2  3  4 |
---------------+-------------+-----
Ranged Weapons | 2 3 |  3.2
Fighting       | 1 |  1.3
Hexes          | 5 |  5.0
Short Blades   | |  0.1
Dodging        | |  2.3
Stealth        | |  0.9
Spellcasting   | |  1.6

Action                     |  1- 3 |  4- 6 || total
---------------------------+-------+-------++-------
  Melee: Short sword       |       |    29 ||    29
         Bite              |       |     5 ||     5
   Fire: Sling             |   117 |    19 ||   136
   Cast: Slow              |    22 |     1 ||    23
         Portal Projectile |     1 |       ||     1
    Use: Scroll            |     7 |     1 ||     8
         Potion            |       |     2 ||     2
 Armour: Robe              |     6 |    11 ||    17
  Dodge: Dodged            |    44 |    25 ||    69
